cohdb
Replays
Latest Replays
All Replays
Popular Replays
Top Player Replays
Match Explorer
How It Works
Community
CoH3 Stats
Reddit
Sign in to upload your games and track your stats! →
Sign in with Steam
Match 42537506
Unlisted
Match 42537506
Overview
Messages
Build Orders
End
Panzergrenadier Squad
Selects Panzerjäger Kommand Battlegroup
250 Light Carrier
Panzergrenadier Squad
Construct Light Support Kompanie
Fire Support Elements
MG34 Team
Flakvierling Half-track
Combat Half-tracks
le.IG 18 Mechanized Group
Selects Blockade Equipment
Selects Defensive Positions
Pak 38 Anti-tank Gun Team
Selects Tank Busters
Panzerjäger Squad
Construct Mechanized Kompanie
Panzergrenadier Squad
Selects Crew Shock Tactics
2.5-tonne Medical Truck
254 Reconnaissance Tractor
18-tonne Recovery Half-track
Construct Panzerarmee Kommand
Walking Stuka Rocket Launcher
Vehicle Survival Package
Advanced Optics
Panzerjäger Squad
Bible
xebec.8895
XeraythaLevi
Skibana
Tok3n x Operator
TechT0nic
0
0
Comments
sign in to comment!
No comments posted yet!